 Dungeon Crawl Stone Soup version 0.30-a0-879-ga8ba668304 (webtiles) character file.

Game seed: 2144075976329191489

77 Pimp the Grasshopper (level 4, -1/38 HPs)
             Began as an Armataur Warper on Mar 13, 2023.
             Slain by an orc
             ... wielding a +0 war axe
              (6 damage)
             ... on level 3 of the Dungeon.
             The game lasted 00:03:29 (1567 turns).

Pimp the Grasshopper (Armataur Warper)              Turns: 1567, Time: 00:03:30

Health: -1/38      AC:  5    Str: 13 (17) XL:     4   Next: 14%
Magic:  7/7        EV:  9    Int: 13 (15) God:
Gold:   79         SH:  0    Dex:  5 (9)  Spells: 5/7 levels left

rFire   . . .      SeeInvis .    m - +0 war axe
rCold   . . .      Faith    .    (no shield)
rNeg    . . .      Spirit   .    b - +0 leather armour
rPois   .          Reflect  .    q - +0 helmet
rElec   .          Roll     +    k - scarf {+Inv}
rCorr   .                        (no gloves)
Will    .....                    (no barding)
Stlth   +                        (no amulet)
HPRegen 0.26/turn                (no ring)
MPRegen 0.10/turn                (no ring)

@: no status effects
A: large, rugged brown scales 3, deformed body, armoured tail, roll, long
tongue, awkward tongue
a: Evoke Invisibility


You were on level 3 of the Dungeon.
You visited 1 branch of the dungeon, and saw 3 of its levels.

You collected 79 gold pieces.

Inventory:

Hand Weapons
 a - a +0 hand axe
 m - a +0 war axe (weapon)
Missiles
 d - 7 boomerangs of dispersal (quivered)
 w - 2 boomerangs
Armour
 b - a +0 leather armour (worn)
 k - a scarf of invisibility (worn)
 q - a +0 helmet (worn)
Jewellery
 p - a ring of ice
Scrolls
 c - a scroll of blinking
 e - a scroll of immolation {unknown}
 f - 2 scrolls of teleportation {unknown}
 i - 2 scrolls of identify {unknown}
 j - a scroll of enchant weapon {unknown}
 o - a scroll of magic mapping {unknown}
 r - 2 scrolls of fog {unknown}
 s - a scroll of enchant armour {unknown}
 t - 2 scrolls of fear {unknown}
 u - a scroll of poison {unknown}
Potions
 h - a potion of flight {unknown}
 l - a potion of curing {unknown}
 n - 3 potions of degeneration
 v - a potion of might {unknown}
 x - a potion of invisibility {unknown}


   Skills:
 + Level 2.1 Fighting
 + Level 1.9 Axes
 + Level 1.6 Throwing
 + Level 2.1 Armour
 + Level 1.7 Dodging
 + Level 2.2 Spellcasting
 + Level 3.3 Translocations


You had 5 spell levels left.
You knew the following spells:

 Your Spells              Type           Power      Damage    Failure   Level
a - Lesser Beckoning      Tloc           20%        N/A       12%         2

Your spell library contained the following spells:

 Spells                   Type           Power      Damage    Failure   Level
 Blink                    Tloc           20%        N/A       12%         2
 Teleport Other           Tloc           10%        N/A       24%         3
 Vhi's Electric Charge    Tloc/Air       10%        N/A       43%         3
 Manifold Assault         Tloc           10%        N/A       63%         4
 Storm Form               Tmut/Air       0%         N/A       100%        7


Dungeon Overview and Level Annotations

Branches:
Dungeon (3/15)

Altars:

Shops:
D:2 [


Innate Abilities, Weirdness & Mutations

You are completely covered in rugged brown scales. (AC +3, +7% HP)
Armour fits poorly on your strangely shaped body.
You have a long armoured tail.
You roll when moving toward enemies. (Rampage)
Your long tongue fully drains potion bottles. (2x potion effects)
Your tongue gives you trouble enunciating. (1.5x scroll delay)


Message History

The orc wizard flickers and vanishes!
Deactivating autopickup; reactivate with Ctrl-A.
You slash the orc!
You kill the orc!
You closely miss something. Something hits you.
An orc comes into view. It is wielding a +0 war axe.
Something hits you but does no damage.
You hear some strange, mumbled words.
A magic dart appears from out of thin air!
The magic dart hits you.
Items here: ( )) ††.
You closely miss something. Something hits you.
You closely miss the orc. You closely miss something.
The orc barely misses you. Something hits you but does no damage.
The orc hits you with a +0 dagger. Something hits you.
You barely miss the orc. You barely miss something.
The orc hits you with a +0 dagger. Something hits you but does no damage.
You hit the orc but do no damage. You miss something.
The orc hits you with a +0 dagger.
You hear some strange, mumbled words.
A puff of flame appears from out of thin air!
The puff of flame hits you.
* * * LOW HITPOINT WARNING * * *
You hit the orc but do no damage. You hit something.
The orc hits you with a +0 dagger.
* * * LOW HITPOINT WARNING * * *
Something hits you but does no damage. The orc hits you with a +0 dagger.
* * * LOW HITPOINT WARNING * * *
You slurp down every last drop of the fizzy orange potion!
It was a potion of degeneration.
There was something very wrong with that liquid.
You feel weakened.
You feel dopey.
You feel clumsy. The orc hits you with a +0 dagger.
* * * LOW HITPOINT WARNING * * *
Something hits you but does no damage.
You slurp down every last drop of the bubbling puce potion!
It was a potion of cancellation.
You feel magically purged. The orc hits you but does no damage.
Something completely misses you. The orc hits you with a +0 war axe.
You die...

#.P♣...............#
#..P.#......<......#
##..###............#
#### #........♣♣♣♣#
####.......♣♣
#...†......♣
#.#####'###♣ #..#
#.###♣♣ ♣S♣♣ #...{@♣
.. #####oo..♣ ♣♣.
#....♣ ♣. #...♣.!P
P. #.#♣♣ .♣ #.. ♣
#.. ...


You could see 2 orcs.

Vanquished Creatures
  3 adders
  2 orcs (D:3)
  3 ball pythons
  3 bats
  5 endoplasms
  2 giant cockroaches (D:2)
  5 goblins
  2 hobgoblins
  7 jackals (D:2)
  3 kobolds
  A quokka (D:1)
  3 frilled lizards
  3 rats
42 creatures vanquished.

Notes
Turn   | Place    | Note
-------+----------+-------------------------------------------
     0 | D:1      | Pimp the Armataur Warper began the quest for the Orb.
     0 | D:1      | Reached XP level 1. HP: 18/18 MP: 3/3
    24 | D:1      | Reached skill level 1 in Throwing
   214 | D:1      | Reached XP level 2. HP: 25/25 MP: 4/4
   566 | D:2      | Found Waonnelu's Armour Boutique.
   587 | D:2      | Learned a level 2 spell: Lesser Beckoning
   793 | D:2      | Reached XP level 3. HP: 31/31 MP: 6/6
  1485 | D:3      | Reached XP level 4. HP: 27/38 MP: 7/7
  1567 | D:3      | Slain by an orc

Illustrated notes

Levels and vault maps discovered:
D:1:      tekkud_arrival_beachfront_property, layout_rooms
D:2:      layout_loops_ring, serial_shops, nicolae_square_shop
D:3:      layout_basic, serial_forest, infiniplex_forest_split,
          infiniplex_forest_clump_curved, infiniplex_forest_end_1,
          infiniplex_forest_pool, infiniplex_forest_clump_tiny,
          infiniplex_forest_straight_5, serial_shops, shop,
          nicolae_shop_hallway_plus, gammafunk_ghost_cemetery, uniq_grinder,
          uniq_robin, uniq_natasha, uniq_terence

Skill      XL: |  1  2  3 |
---------------+----------+-----
Throwing       | 1 |  1.6
Spellcasting   | 2 |  2.2
Fighting       | 2 |  2.1
Armour         | 2 |  2.1
Axes           | |  1.9
Dodging        | |  1.7
Translocations | |  3.3

Action                     |  1- 3 |  4- 6 || total
---------------------------+-------+-------++-------
  Melee: Hand axe          |    15 |       ||    15
         Tailslap          |    13 |       ||    13
         War axe           |    99 |     7 ||   106
    Use: Potion            |       |     2 ||     2
 Armour: Leather armour    |    54 |     7 ||    61
  Dodge: Dodged            |    67 |     3 ||    70

Table legend: (Time is in decaauts)
 A = Elapsed time spent in this place.
 B = Non-inter-level travel time spent in this place.
 C = Inter-level travel time spent in this place.
 D = Time resting spent in this place.
 E = Time spent auto-exploring this place.
 F = Levels seen in this place.
 G = Mean time per level.
                   A        B        C        D        E       F      G
               +--------+--------+--------+--------+--------+-----+--------+
         Total |   1612 |   1534 |     78 |    102 |   1090 |   3 |  537.3 |
       Dungeon |   1612 |   1534 |     78 |    102 |   1090 |   3 |  537.3 |
               +--------+--------+--------+--------+--------+-----+--------+

Top non-repeatable levels by time:
     D:2: 944 daAuts
     D:1: 503 daAuts
     D:3: 165 daAuts
